AoeStats
← Kanyaga

Arabia

508922282Analyzed
1v1 RM · 8d ago on Sep 24, 2026· 41m 38s· 2 players
Game mode
Random Map
Map size
Tiny (2 player)
Population
200
Speed
Normal
Resources
Standard
Victory
Conquest
Starting age
Dark Age
Ending age
Imperial Age
RankedLock teamsTeams togetherTeam positionsShared explorationLock speedFull tech treeHidden civsTurbo modeCheats
Victory
Defeat
🇩🇪 Portuguese · Germany
1573
+13
🇹🇷 Persians · Türkiye
1515
-13
Kanyaga
6:11 Loom
9:00 Feudal Age
9:23 Double-Bit Axe
9:19 Horse Collar
15:37 Wheelbarrow
20:48 Castle Age
20:27 Scale Barding Armor
20:32 Padded Archer Armor
22:19 Husbandry
22:57 Leather Archer Armor
22:33 Town Watch
23:43 Bloodlines
27:36 Elite Skirmisher
29:21 Wheelbarrow
29:21 Bow Saw
32:16 Fletching
33:19 Bodkin Arrow
33:57 Chain Barding Armor
34:47 Ballistics
34:45 Forging
37:38 Imperial Age
35:57 Thumb Ring
37:32 Iron Casting
38:40 Ring Archer Armor
40:56 Chemistry
40:32 Conscription
Landi
6:33 Loom
9:23 Feudal Age
10:20 Double-Bit Axe
11:08 Horse Collar
18:35 Castle Age
17:33 Fletching
17:43 Padded Archer Armor
18:05 Gold Mining
19:44 Bow Saw
21:16 Crossbowman
23:24 Wheelbarrow
23:13 Bodkin Arrow
25:27 Hand Cart
26:08 Padded Archer Armor
27:10 Stone Mining
30:12 Stone Shaft Mining
30:03 Leather Archer Armor
30:09 Heavy Plow
32:54 Imperial Age
31:12 Ballistics
33:09 Masonry
33:12 Thumb Ring
34:35 Chemistry
33:44 Bracer
34:09 Conscription
35:30 Arbalester
39:01 Light Cavalry
39:51 Bloodlines
39:41 Husbandry
39:58 Scale Barding Armor
42:02 Chain Barding Armor
41:52 Forging
42:13 Ring Archer Armor
Connection lost

Rejoining the realm…

Still unreachable

The connection could not be restored.

Session expired

The server has moved on; the page needs a fresh start.